Cogmind - Beta 16 @@@ ROGUE MODE // 2026.01.07 @ 20:02:58 Player: delto Result: Destroyed by H-61 Shepherd with Heavy Assault Cannon Performance ------------- Evolutions (3) 1500 Regions Visited (11) 2200 Robots Destroyed (44) 220 Value Destroyed (1232) 1232 Prototype IDs (23) 460 Alien Tech Used (0) 0 Bonus (825) 825 TOTAL SCORE: 6437 Bonus ------- Follower Combat Kills 25 Entered DSFs 500 Aligned with FarCom 300 Cogmind --------- Core Integrity 0/700 Matter 191/450 Energy 92/100 System Corruption 2% Temperature Cool (0) Movement Core (200) Ox3 Location -7/DSF Parts ------- > --- POWER (1) -------- (None) > --- PROPULSION (2) --- (None) > --- UTILITY (8) ------ Lightpack 2.0 Large Matter Pod Advanced Visual Processing Unit Target Analyzer Armor Integrity Analyzer > --- WEAPON (2) ------- Chainsword > --- INVENTORY (40) --- Antimatter Reactor Improved Cooling System Damper Plating Damper Plating Minigun Advanced Assault Cannon Gauss Cannon Gauss Cannon Heavy Rocket Launcher Heavy Rocket Launcher Heavy Rocket Launcher Powered Hammer Peak State ------------ > --- POWER ------------ Antimatter Reactor > --- PROPULSION ------- Improved Carbon-fiber Leg Shield Leg > --- UTILITY ---------- Lightpack 2.0 Trap Scanner Advanced Visual Processing Unit Target Analyzer Armor Integrity Analyzer Improved Power Shielding > --- WEAPON ----------- Heavy Rocket Launcher Chainsword > --- INVENTORY -------- Antimatter Reactor Heavy Treads Improved Cooling System Large Matter Pod Damper Plating Damper Plating Minigun Advanced Assault Cannon Gauss Cannon Gauss Cannon Heavy Rocket Launcher Heavy Rocket Launcher Heavy Rocket Launcher Heavy Rocket Launcher Heavy Rocket Launcher Powered Hammer [Rating: 83] Favorites ----------- Power Light Deuterium Engine Engine Light Deuterium Engine Power Core Light Nuclear Core Reactor Antimatter Reactor Propulsion Improved Carbon-fiber Leg Treads Light Treads Leg Improved Carbon-fiber Leg Wheel Compact Wheel Utility Lightpack 2.0 Device Seismic Detector Storage Lightpack 2.0 Processor Target Analyzer Protection Improved Power Shielding Weapon Heavy Assault Rifle Energy Gun Small Laser Ballistic Gun Heavy Assault Rifle Launcher Rocket Launcher Slashing Weapon Chainsword Build | -11 -10 -10 -9 -9 -9 -8 -8 -7 -7 -7 -7 ------- Run | Yrd Mat Min Mat Min Exi Min Mat Fac Was Fac DSF Slots Evolved 6 | . . . 2 . . . 2 2 . . . Power . | . . . . . . . . . . . . Propulsion . | . . . . . . . . . . . . Utility 6 | . . . 2 . . . 2 2 . . . Weapon . | . . . . . . . . . . . . Parts Attached 42 | 8 . . 10 3 1 2 8 2 3 . 5 Power 5 | 1 . . 1 . . 1 1 . 1 . . Engine 3 | 1 . . 1 . . . 1 . . . . Core 1 | . . . . . . 1 . . . . . Reactor 1 | . . . . . . . . . 1 . . Propulsion 11 | 2 . . 2 1 . . 4 . . . 2 Treads 2 | 1 . . . . . . . . . . 1 Leg 6 | . . . 2 1 . . 2 . . . 1 Wheel 3 | 1 . . . . . . 2 . . . . Hover . | . . . . . . . . . . . . Flight . | . . . . . . . . . . . . Utility 12 | 2 . . 3 . 1 1 2 2 . . 1 Device 4 | 1 . . 2 . . . . 1 . . . Storage 4 | 1 . . 1 . 1 . . . . . 1 Processor 3 | . . . . . . 1 1 1 . . . Hackware . | . . . . . . . . . . . . Protection 1 | . . . . . . . 1 . . . . Artifact . | . . . . . . . . . . . . Weapon 14 | 3 . . 4 2 . . 1 . 2 . 2 Energy Gun 3 | 2 . . 1 . . . . . . . . Energy Cannon . | . . . . . . . . . . . . Ballistic Gun 5 | 1 . . 2 1 . . 1 . . . . Ballistic Cannon . | . . . . . . . . . . . . Launcher 5 | . . . 1 1 . . . . 1 . 2 Special Weapon . | . . . . . . . . . . . . Impact Weapon . | . . . . . . . . . . . . Slashing Weapon 1 | . . . . . . . . . 1 . . Piercing Weapon . | . . . . . . . . . . . . Special Melee Weapon . | . . . . . . . . . . . . Unidentified Prototypes . | . . . . . . . . . . . . Parts Lost 16 | . . . 1 1 . 1 3 1 . . 9 Power 2 | . . . . 1 . . . . . . 1 Propulsion 3 | . . . . . . . . . . . 3 Utility 5 | . . . 1 . . 1 1 . . . 2 Weapon 6 | . . . . . . . 2 1 . . 3 Highest Loss Streak 9 | . . . 1 1 . 1 3 1 . . 9 To Critical Strikes . | . . . . . . . . . . . . Average Backups 18 | 3 7 8 6 7 7 13 28 35 29 11 13 Power 1 | 1 1 1 1 . . 1 2 1 1 1 1 Propulsion 4 | 1 2 2 1 1 1 1 8 9 7 2 . Utility 6 | . 2 3 2 3 3 5 8 12 9 3 3 Weapon 5 | . 1 1 1 2 2 4 8 10 10 4 8 Tool/Special . | . . . . . . . . . . . . Unused Backups 96 | . 1 . 5 . . . 11 35 32 . 12 Power 6 | . 1 . 1 . . . . 3 . . 1 Propulsion 23 | . . . 2 . . . 3 7 11 . . Utility 33 | . . . . . . . 2 15 13 . 3 Weapon 31 | . . . 1 . . . 6 9 7 . 8 Tool/Special 3 | . . . 1 . . . . 1 1 . . Average Slot Usage (%) 87 | . 100 100 99 98 94 77 80 83 83 84 76 Engine 6 | . 14 14 11 9 11 . 5 7 2 . . Core 1 | . . . . . . 10 3 . . . . Treads 1 | . 14 14 6 . . . . . . . 2 Leg 16 | . . . 9 22 22 22 14 15 15 15 6 Wheel 1 | . 14 14 6 . . . 3 . . . . Device 11 | . 14 14 22 22 19 . 6 7 7 7 5 Storage 13 | . 14 14 21 22 19 11 9 7 7 7 10 Processor 10 | . . . . . . 10 10 22 23 23 23 Protection 3 | . . . . . . . 9 7 7 7 4 Energy Gun 1 | . 28 28 8 . . . . . . . . Ballistic Gun 13 | . . . 9 20 22 22 17 7 5 . . Launcher 2 | . . . 4 1 . . . 6 6 7 7 Peak Build Rating 83 | 10 10 10 17 17 43 46 65 77 82 79 83 Average Rating 46 | 6 9 10 14 16 22 45 58 73 77 78 76 On Entrance 37 | . 10 10 10 17 16 43 46 65 76 77 79 Avg Prop Armor Cover (%) 12 | 15 14 14 11 . . . . . . . . Naked Turns . | . . . . . . . . . . . . Heaviest Build 36 | 13 13 13 24 23 21 17 19 21 35 35 36 Greatest Support 70 | 20 16 16 26 26 26 26 36 36 36 36 70 Greatest Overweight (x) 3 | 1 . . 1 . . . 1 . . . 3 Average Overweight (x) . | . . . . . . . . . . . . Largest Inventory Capacity 40 | 8 8 8 8 8 40 40 40 40 40 40 40 Average Capacity 28 | 6 8 8 8 8 15 40 40 40 40 40 40 Most Carried 40 | 8 8 8 8 8 10 14 40 40 39 20 24 Average Carried 18 | 3 7 8 6 7 7 13 28 35 30 18 20 Final Capacity 40 | 8 8 8 8 8 40 40 40 40 40 40 40 Final Carried 38 | 8 8 8 7 7 10 14 33 38 16 20 18 Class Distribution -------------------- 35% | Mutant 31% | Hauler-Mutant 22% | Hauler-Skirmisher 10% | Hauler-Assassin Dominant Class ---------------- Mutant | -10/Materials Mutant | -10/Mines Mutant | -9/Materials Mutant | -9/Mines Mutant | -9/Exiles Hauler-Mutant | -8/Mines Hauler-Mutant | -8/Materials Hauler-Skirmisher | -7/Factory Hauler-Skirmisher | -7/Waste Hauler-Assassin | -7/Factory Hauler-Assassin | -7/DSF Resources | -11 -10 -10 -9 -9 -9 -8 -8 -7 -7 -7 -7 ----------- Run | Yrd Mat Min Mat Min Exi Min Mat Fac Was Fac DSF Matter Collected 1283 | 257 23 . 210 41 . 152 203 160 210 20 7 Remotely . | . . . . . . . . . . . . Salvage Created 1214 | 44 . . 307 28 . 159 310 58 . . 308 Parts 95 | 7 . . 36 7 . 5 16 5 . . 19 Haulers Intercepted . | . . . . . . . . . . . . Recyclers Shooed 1 | . . . . 1 . . . . . . . Parts Field Recycled . | . . . . . . . . . . . . Retrieved Matter . | . . . . . . . . . . . . Parts Self-Destructed . | . . . . . . . . . . . . Prevented . | . . . . . . . . . . . . Parts Restored . | . . . . . . . . . . . . Kills | -11 -10 -10 -9 -9 -9 -8 -8 -7 -7 -7 -7 ------- Run | Yrd Mat Min Mat Min Exi Min Mat Fac Was Fac DSF Combat Hostiles Destroyed 38 | . . . 11 3 . 3 9 4 . . 8 Guns 23 | . . . 8 . . 3 9 3 . . . AOE 15 | . . . 3 3 . . . 1 . . 8 Classes Destroyed 10 | 1 . . 5 . . 1 1 1 . . 1 Worker 1 | . . . 1 . . . . . . . . Builder 1 | . . . 1 . . . . . . . . Tunneler 3 | 2 . . . 1 . . . . . . . Recycler 1 | . . . 1 . . . . . . . . Swarmer 21 | . . . 7 3 . . 4 3 . . 4 Grunt 9 | . . . 4 . . 2 3 . . . . Brawler 1 | . . . . . . 1 . . . . . Sentry 2 | . . . . . . . 2 . . . . Specialist 4 | . . . . . . . . . . . 4 Programmer 1 | . . . . . . . . 1 . . . Best Kill Streak 5 | 1 . . 5 3 . 1 4 3 . . 5 Combat Bots Only 5 | . . . 4 3 . 1 4 3 . . 5 Max Kills in Single Turn 4 | 1 . . 3 2 . 1 2 1 . . 4 Gunslinging 1 | . . . . . . . 1 . . . . Exploded 4 | . . . 2 2 . . . 1 . . 4 Melee . | . . . . . . . . . . . . Uniques/NPCs Destroyed . | . . . . . . . . . . . . Combat | -11 -10 -10 -9 -9 -9 -8 -8 -7 -7 -7 -7 -------- Run | Yrd Mat Min Mat Min Exi Min Mat Fac Was Fac DSF Hostile Shots Fired 229 | . . . 45 6 . 21 45 31 . . 81 Missed 63 | . . . 12 . . 4 18 7 . . 22 Hits 166 | . . . 33 6 . 17 27 24 . . 59 Melee 2 | . . . . . . 2 . . . . . Projectile 164 | . . . 33 6 . 15 27 24 . . 59 Critical Strikes 6 | . . . . . . 1 1 1 . . 3 Damage Taken 3266 | . . . 340 96 . 277 341 430 . . 1782 Core 837 | . . . 26 7 . 30 40 87 . . 647 Absorbed by Shields . | . . . . . . . . . . . . Redirected to Shielding 100 | . . . . . . . 37 21 . . 42 Core Remaining (%) 94 | 100 . 100 . . . 84 92 . . . . Volleys Fired 105 | 3 . . 27 5 . 13 22 17 . . 18 Largest 2 | 2 . . 2 2 . 2 2 2 . . 1 Hottest 80 | 80 . . 80 46 . 46 48 58 . . 39 Shots Fired 172 | 6 . . 48 7 . 26 44 23 . . 18 Gun 143 | 6 . . 47 4 . 26 44 16 . . . Cannon . | . . . . . . . . . . . . Launcher 29 | . . . 1 3 . . . 7 . . 18 Special . | . . . . . . . . . . . . Kinetic 130 | . . . 40 4 . 26 44 16 . . . Thermal 8 | 6 . . 2 . . . . . . . . Explosive 29 | . . . 1 3 . . . 7 . . 18 Electromagnetic 5 | . . . 5 . . . . . . . . Robot Hit Streak 10 | 3 . . 5 3 . 8 10 5 . . 5 Robot Miss Streak 6 | 1 . . 6 3 . 2 3 3 . . 1 Penetration Max . | . . . . . . . . . . . . Secondary Targets 2 | . . . 1 . . . 1 . . . . Max Gunslinging Chain 1 | . . . 1 . . . 1 . . . . Shots Hit Robots 106 | 3 . . 23 3 . 18 33 13 . . 13 Core Hits 71 | 2 . . 18 4 . 7 15 9 . . 16 Critical Kills 1 | . . . . . . . 1 . . . . Critical Parts Destroyed 3 | . . . . . . . 2 1 . . . Critical Strikes 4 | . . . . . . . 3 1 . . . Destroy 4 | . . . . . . . 3 1 . . . Melee Attacks . | . . . . . . . . . . . . Impact . | . . . . . . . . . . . . Slashing . | . . . . . . . . . . . . Piercing . | . . . . . . . . . . . . Sneak Attacks . | . . . . . . . . . . . . Combat Hostiles . | . . . . . . . . . . . . Follow-up Attacks . | . . . . . . . . . . . . Damage Inflicted 3470 | 33 . . 666 189 . 267 528 378 . . 1409 Guns 1440 | 33 . . 364 45 . 267 528 203 . . . Cannons . | . . . . . . . . . . . . Explosions 2030 | . . . 302 144 . . . 175 . . 1409 Melee . | . . . . . . . . . . . . Ramming . | . . . . . . . . . . . . Kinetic 1360 | . . . 317 45 . 267 528 203 . . . Thermal 33 | 33 . . . . . . . . . . . Explosive 2030 | . . . 302 144 . . . 175 . . 1409 Electromagnetic 47 | . . . 47 . . . . . . . . Impact . | . . . . . . . . . . . . Slashing . | . . . . . . . . . . . . Piercing . | . . . . . . . . . . . . Highest Corruption 2 | . . . . . . . . 2 2 2 2 Average Corruption 1 | . . . . . . . . 1 2 2 2 Corruption Purged . | . . . . . . . . . . . . Corruption Blocked . | . . . . . . . . . . . . Effects 13 | . . . . . . . . 3 3 3 4 Message Errors 4 | . . . . . . . . 2 1 1 . Matter Fused 4 | . . . . . . . . 1 2 . 1 Energy Discharges 1 | . . . . . . . . . . . 1 Data Loss (minor) 3 | . . . . . . . . . . 2 1 Data Loss (major) 1 | . . . . . . . . . . . 1 Overload Shots . | . . . . . . . . . . . . Overflow Damage 67 | . . . . 32 . . . . . . 35 Projectiles . | . . . . . . . . . . . . Explosions 67 | . . . . 32 . . . . . . 35 Melee . | . . . . . . . . . . . . Knockbacks . | . . . . . . . . . . . . Impact . | . . . . . . . . . . . . Kinetic . | . . . . . . . . . . . . Secondary . | . . . . . . . . . . . . Self-Inflicted Damage 259 | . . . . 43 . . . 68 . . 148 Shots 10 | . . . . 2 . . . 3 . . 5 Rammed . | . . . . . . . . . . . . Targets Rammed . | . . . . . . . . . . . . Kicked . | . . . . . . . . . . . . Crushed . | . . . . . . . . . . . . Highest Temperature 36 | 36 . . 9 . . 21 17 . . . . Average Temperature 9 | 17 . . 5 . . 5 10 . . . . Received Heat Transfer 474 | . . . 162 6 . 153 135 . . . 18 Siege Activations . | . . . . . . . . . . . . Martial Activations . | . . . . . . . . . . . . Shielding Activations . | . . . . . . . . . . . . Robots Disrupted . | . . . . . . . . . . . . Combat Hostiles . | . . . . . . . . . . . . Robots Corrupted . | . . . . . . . . . . . . Combat Hostiles . | . . . . . . . . . . . . Parts Fried . | . . . . . . . . . . . . Impact Corruptions . | . . . . . . . . . . . . Robots Melted . | . . . . . . . . . . . . Combat Hostiles . | . . . . . . . . . . . . Parts Melted . | . . . . . . . . . . . . Heat Transferred 75 | 75 . . . . . . . . . . . Parts Sabotaged . | . . . . . . . . . . . . Parts Stolen . | . . . . . . . . . . . . Parts Stripped . | . . . . . . . . . . . . Power Chain Reactions . | . . . . . . . . . . . . Alert | -11 -10 -10 -9 -9 -9 -8 -8 -7 -7 -7 -7 ------- Run | Yrd Mat Min Mat Min Exi Min Mat Fac Was Fac DSF Maximum Alert Level 1 | . . . . . . . . . . . 1 Low Security (%) 99 | 100 100 100 100 100 . 100 100 100 100 100 86 Level 1 . | . . . . . . . . . . . 13 Level 2 . | . . . . . . . . . . . . Level 3 . | . . . . . . . . . . . . Level 4 . | . . . . . . . . . . . . Level 5 . | . . . . . . . . . . . . High Security . | . . . . . . . . . . . . Max Security . | . . . . . . . . . . . . Peak Influence 289 | 5 3 5 190 81 . 40 105 85 . . 289 Initial 64 | . 3 . 1 64 . . . . . . . Average 23 | . . . 85 22 . 4 23 19 . . 62 Influence Increases 1325 | 10 . 5 334 158 . 70 225 189 . . 334 Destroy 0b10 Robot/C 780 | . . . 220 80 . 60 180 80 . . 160 Destroy 0b10 Robot/NC 50 | 10 . . 15 5 . . . . . . 20 Destroy Leader 130 | . . . 40 10 . 10 30 20 . . 20 Allied During Kill 1 | . . . . 1 . . . . . . . Successful Hack 46 | . . 5 14 . . . . 27 . . . Disable Machine 75 | . . . 30 . . . 15 15 . . 15 Destroy Structure 168 | . . . 15 17 . . . 47 . . 89 Lose Combat Pursuer 75 | . . . . 45 . . . . . . 30 Influence Decreases 1056 | 5 5 . 173 286 38 70 225 189 . . 65 Entered New Map 146 | . 2 . 4 102 38 . . . . . . Time Decay 760 | 5 3 . 159 154 . 60 200 179 . . . Lost Part 130 | . . . 10 10 . 10 25 10 . . 65 Lost Ally 20 | . . . . 20 . . . . . . . Squads Dispatched 9 | . . . 2 1 . . . 3 . 1 2 Investigation 2 | . . . 1 . . . . 1 . . . Extermination 2 | . . . . . . . . 1 . 1 . Reinforcement 4 | . . . 1 . . . . 1 . . 2 Assault 1 | . . . . 1 . . . . . . . Garrison . | . . . . . . . . . . . . Intercept . | . . . . . . . . . . . . Searches Triggered . | . . . . . . . . . . . . Construction Impeded . | . . . . . . . . . . . . Haulers Reinforced . | . . . . . . . . . . . . Active Scanning Responses . | . . . . . . . . . . . . Cargo Convoy Interrupts . | . . . . . . . . . . . . Stealth | -11 -10 -10 -9 -9 -9 -8 -8 -7 -7 -7 -7 --------- Run | Yrd Mat Min Mat Min Exi Min Mat Fac Was Fac DSF Distress Signals 1 | . . . . . . . 1 . . . . Communications Jammed . | . . . . . . . . . . . . Distress Signals . | . . . . . . . . . . . . Times Spotted 52 | . 2 . 12 8 . 3 10 6 . . 11 Peak Tracking Total 6 | . 2 . 4 5 . 3 4 3 . . 6 Tactical Retreats 4 | . . . . 2 . . . . . . 2 Traps | -11 -10 -10 -9 -9 -9 -8 -8 -7 -7 -7 -7 ------- Run | Yrd Mat Min Mat Min Exi Min Mat Fac Was Fac DSF Traps Triggered 5 | . . . 1 . . . . 1 . . 3 Indirectly . | . . . . . . . . . . . . Trap Hack Attempts . | . . . . . . . . . . . . Triggered . | . . . . . . . . . . . . Disarmed . | . . . . . . . . . . . . Reprogrammed . | . . . . . . . . . . . . Reused . | . . . . . . . . . . . . Traps Extracted . | . . . . . . . . . . . . Installed . | . . . . . . . . . . . . Triggered . | . . . . . . . . . . . . Machines | -11 -10 -10 -9 -9 -9 -8 -8 -7 -7 -7 -7 ---------- Run | Yrd Mat Min Mat Min Exi Min Mat Fac Was Fac DSF Machines Disabled 5 | . . . 2 . . . 1 1 . . 1 Max in Single Turn 2 | . . . 2 . . . 1 1 . . 1 Machines Repaired . | . . . . . . . . . . . . Machines Dismantled . | . . . . . . . . . . . . Machines Sabotaged . | . . . . . . . . . . . . Overloaded Fab Kills . | . . . . . . . . . . . . Hacking | -11 -10 -10 -9 -9 -9 -8 -8 -7 -7 -7 -7 --------- Run | Yrd Mat Min Mat Min Exi Min Mat Fac Was Fac DSF Machines Accessed 14 | . . 1 3 . 3 . 4 2 . 1 . Terminals 9 | . . 1 3 . . . 2 2 . 1 . Fabricators . | . . . . . . . . . . . . Repair Stations . | . . . . . . . . . . . . Recycling Units . | . . . . . . . . . . . . Scanalyzers 2 | . . . . . . . 2 . . . . Garrison Access . | . . . . . . . . . . . . Total Hacks 34 | . . 1 3 . 18 . 6 4 . 2 . Successful 27 | . . 1 3 . 18 . 3 1 . 1 . Failed 7 | . . . . . . . 3 3 . 1 . Catastrophic 1 | . . . . . . . . 1 . . . Database Lockouts . | . . . . . . . . . . . . Manual 12 | . . . 3 . 1 . 4 4 . . . Terminals 14 | . . 1 3 . . . 4 4 . 2 . Fabricators . | . . . . . . . . . . . . Repair Stations . | . . . . . . . . . . . . Recycling Units . | . . . . . . . . . . . . Scanalyzers 2 | . . . . . . . 2 . . . . Garrison Access . | . . . . . . . . . . . . Terminal Hacks 20 | . . 1 . . 18 . . . . 1 . Record 17 | . . . . . 17 . . . . . . Open DSF 1 | . . . . . . . . . . 1 . Zone Layout 1 | . . 1 . . . . . . . . . Proto ID Catalog 1 | . . . . . 1 . . . . . . Fabricator Hacks . | . . . . . . . . . . . . Repair Station Hacks . | . . . . . . . . . . . . Recycling Unit Hacks . | . . . . . . . . . . . . Scanalyzer 2 | . . . . . . . 2 . . . . Retrieve Study 2 | . . . . . . . 2 . . . . Garrison Access Hacks . | . . . . . . . . . . . . Unauthorized Hacks 5 | . . . 3 . . . 1 1 . . . Terminals 5 | . . . 3 . . . 1 1 . . . Assimilate 1 | . . . . . . . . 1 . . . Botnet 4 | . . . 3 . . . 1 . . . . Fabricators . | . . . . . . . . . . . . Repair Stations . | . . . . . . . . . . . . Recycling Units . | . . . . . . . . . . . . Scanalyzers . | . . . . . . . . . . . . Garrison Access . | . . . . . . . . . . . . Data Cores Recovered . | . . . . . . . . . . . . Used . | . . . . . . . . . . . . Hacking Detections 4 | . . . 1 . . . 2 1 . . . Full Trace Events 1 | . . . . . . . . 1 . . . Feedback Events . | . . . . . . . . . . . . Feedback Blocked . | . . . . . . . . . . . . Robot Schematics Acquired . | . . . . . . . . . . . . Robots Built . | . . . . . . . . . . . . Authchips . | . . . . . . . . . . . . Time . | . . . . . . . . . . . . Total Robot Build Rating . | . . . . . . . . . . . . Part Schematics Acquired . | . . . . . . . . . . . . Parts Built . | . . . . . . . . . . . . Authchips . | . . . . . . . . . . . . Time . | . . . . . . . . . . . . Total Part Build Rating . | . . . . . . . . . . . . Part Studies Acquired 1 | . . . . . . . 1 . . . . Parts Repaired . | . . . . . . . . . . . . Time . | . . . . . . . . . . . . Parts Recycled . | . . . . . . . . . . . . Recycled Matter . | . . . . . . . . . . . . Retrieved Matter . | . . . . . . . . . . . . Retrieved Components . | . . . . . . . . . . . . Parts Scanalyzed . | . . . . . . . . . . . . Part Schematics Acquired . | . . . . . . . . . . . . Parts Damaged . | . . . . . . . . . . . . Bothacking | -11 -10 -10 -9 -9 -9 -8 -8 -7 -7 -7 -7 ------------ Run | Yrd Mat Min Mat Min Exi Min Mat Fac Was Fac DSF Used RIF Installer . | . . . . . . . . . . . . Robots Hacked . | . . . . . . . . . . . . Non-combat . | . . . . . . . . . . . . Combat . | . . . . . . . . . . . . Robot Hacks Applied . | . . . . . . . . . . . . Relay Couplers Released . | . . . . . . . . . . . . Fabnet Peak Effective % . | . . . . . . . . . . . . Robots Rewired . | . . . . . . . . . . . . Allies Hacked . | . . . . . . . . . . . . Hacks Repelled . | . . . . . . . . . . . . Allies | -11 -10 -10 -9 -9 -9 -8 -8 -7 -7 -7 -7 -------- Run | Yrd Mat Min Mat Min Exi Min Mat Fac Was Fac DSF Total Allies 2 | . . . . 1 . . . 1 . . . Largest Group 1 | . . . . 1 . . . 1 . . . Highest-Rated Group 31 | . . . . 31 . . . 26 . . . Highest-Rated Ally 31 | . . . . 31 . . . 26 . . . Total Orders 2 | . . . . . . . . 2 . . . ROAM 1 | . . . . . . . . 1 . . . FOLLOW 1 | . . . . . . . . 1 . . . Ally Attacks 9 | . . . . 9 . . . . . . . Total Damage 142 | . . . . 142 . . . . . . . Kills 1 | . . . . 1 . . . . . . . Allies Corrupted 1 | . . . . 1 . . . . . . . Allies Melted . | . . . . . . . . . . . . Intel | -11 -10 -10 -9 -9 -9 -8 -8 -7 -7 -7 -7 ------- Run | Yrd Mat Min Mat Min Exi Min Mat Fac Was Fac DSF Active Infowar (turns) 3948 | 34 78 54 446 559 607 45 598 863 251 267 146 Optics 1526 | . . . . . . . . 862 251 267 146 Terrain 1822 | 34 78 54 445 559 607 45 . . . . . Traps 1493 | . . . . . . . . 863 251 267 112 Seismic 2070 | . . . 446 559 467 . 598 . . . . Robot Analysis Total . | . . . . . . . . . . . . Derelict Logs Recovered 2 | . . 1 . 1 . . . . . . . Drone Launches . | . . . . . . . . . . . . Drone Recoveries . | . . . . . . . . . . . . Exploration | -11 -10 -10 -9 -9 -9 -8 -8 -7 -7 -7 -7 ------------- Run | Yrd Mat Min Mat Min Exi Min Mat Fac Was Fac DSF Turns Passed 4695 | 77 78 54 446 559 607 571 776 863 251 267 146 Spaces Moved 3426 | 49 70 51 293 451 500 438 494 631 174 206 69 Core 7 | 4 . . . . . . . . . . 3 Treads 26 | 1 . . . . . . . . . . 25 Legs 2923 | . . . 107 451 500 438 375 631 174 206 41 Wheels 470 | 44 70 51 186 . . . 119 . . . . Hover . | . . . . . . . . . . . . Flight . | . . . . . . . . . . . . Fastest Speed 50 | 50 100 100 115 120 120 120 100 120 120 120 120 Average Speed 118 | 99 100 100 117 120 120 120 115 120 120 120 139 Slowest Speed 200 | 160 100 100 190 120 120 120 190 120 120 120 200 Overloaded Moves . | . . . . . . . . . . . . Propulsion Burnouts . | . . . . . . . . . . . . Robots Hopped . | . . . . . . . . . . . . Potential Cave-ins . | . . . . . . . . . . . . Cave-ins Triggered . | . . . . . . . . . . . . Exploration Rate (%) 41 | 4 14 20 21 64 91 75 31 15 85 3 73 Regions Visited 11 Branch Regions 4 Pre-discovered Areas 1 | . . 1 . . . . . . . . . Known Exits Taken 1 | . . . . . . . . . . 1 . Unknown Exits Taken 8 | 1 1 1 1 1 1 1 1 . . . . Scrap Searched 2 | . . . . 1 . 1 . . . . . Spaces Dug . | . . . . . . . . . . . . Terrain Destroyed 230 | . . . 16 37 . . . 56 . . 121 Melee . | . . . . . . . . . . . . Projectile . | . . . . . . . . . . . . AOE 230 | . . . 16 37 . . . 56 . . 121 Terrain Rammed . | . . . . . . . . . . . . Walls Destroyed . | . . . . . . . . . . . . Machines Disabled . | . . . . . . . . . . . . Actions | -11 -10 -10 -9 -9 -9 -8 -8 -7 -7 -7 -7 --------- Run | Yrd Mat Min Mat Min Exi Min Mat Fac Was Fac DSF Total 3932 | 67 78 54 352 460 508 457 662 730 235 226 103 Wait 116 | . 5 4 . . . . 85 5 . 17 . Move 3416 | 48 69 50 292 450 499 437 493 631 173 205 69 Hop . | . . . . . . . . . . . . Pick Up 128 | 7 2 . 9 1 5 5 35 44 12 4 4 Fast Attach 19 | 8 . . 4 . 1 . 4 . 2 . . Attach 20 | . . . 5 1 . 1 5 3 . . 5 Detach 11 | 1 . . 2 . 1 . 4 . 2 . 1 Swap 7 | . . . 1 3 . 1 1 . 1 . . Drop 100 | . 2 . 12 . 2 . 13 30 40 . 1 Fire 105 | 3 . . 27 5 . 13 22 17 . . 18 Melee . | . . . . . . . . . . . . Ram . | . . . . . . . . . . . . Kick . | . . . . . . . . . . . . Crush . | . . . . . . . . . . . . Escape Stasis 5 | . . . . . . . . . . . 5 Rewire 5 | . . . . . . . . . 5 . . Trap . | . . . . . . . . . . . . Miscellaneous . | . . . . . . . . . . . . Route ------- -11/Scrapyard -10/Materials -10/Mines -9/Materials -9/Mines -9/Exiles -8/Mines -8/Materials -7/Factory -7/Waste -7/Factory -7/DSF History --------- Turn | Location | Event 2 | -11/Scrapyard | Met Revision 17 27 | -11/Scrapyard | Discovered new exit (range 15) 78 | -11/Scrapyard | Entered Materials 141 | -10/Materials | Discovered new exit (range 15) 156 | -10/Materials | Entered Mines 161 | -10/Mines | Met a Derelict bent on vengeance 200 | -10/Mines | Discovered new exit (range 12) 210 | -10/Mines | Entered Materials 210 | -9/Materials | Evolved 2 slots: Utility x2 308 | -9/Materials | Build established: Mutant 638 | -9/Materials | Discovered new exit (range 16) 656 | -9/Materials | Entered Mines 663 | -9/Mines | Received a Rocket Launcher from a helpful Derelict 747 | -9/Mines | Learned Materials trap positions 988 | -9/Mines | Assembled infested the area 1122 | -9/Mines | Met a Derelict testing a Signal Generator 1210 | -9/Mines | Discovered new exit (range 5) 1215 | -9/Mines | Entered Exiles 1245 | -9/Exiles | Met 8R-AWN 1263 | -9/Exiles | Met EX-HEX 1374 | -9/Exiles | Met EX-DEC 1406 | -9/Exiles | Visited The Gauntlet 1572 | -9/Exiles | Met EX-BIN 1593 | -9/Exiles | Aligned with FarCom system 1595 | -9/Exiles | Given EX-Vault access code 1623 | -9/Exiles | Opened EX-Vault 1683 | -9/Exiles | Found Lightpack 2.0 1718 | -9/Exiles | Warned to stay clear of 0b10 Research branches 1807 | -9/Exiles | Discovered new exit (range 15) 1822 | -9/Exiles | Left Exiles lab with Lightpack 2.0 1822 | -9/Exiles | Entered Mines 2003 | -8/Mines | Discovered new exit (range 9) 2156 | -8/Mines | Build established: Hauler-Mutant 2393 | -8/Mines | Entered Materials 2393 | -8/Materials | Evolved 2 slots: Utility x2 2394 | -8/Materials | Loaded intel: 12 trap records 3023 | -8/Materials | Lost 3 parts (1u2w) 3164 | -8/Materials | Discovered new exit (range 5) 3169 | -8/Materials | Entered Factory 3169 | -7/Factory | Evolved 2 slots: Utility x2 3475 | -7/Factory | Build established: Hauler-Skirmisher 4032 | -7/Factory | Sucked down chute 4032 | -7/Factory | Entered Waste 4032 | -7/Waste | The area was eerily silent 4173 | -7/Waste | Discovered new exit (range 12) 4233 | -7/Waste | Found Damper Plating 4235 | -7/Waste | Found Damper Plating 4283 | -7/Waste | Entered Factory 4492 | -7/Factory | Build established: Hauler-Assassin 4550 | -7/Factory | Identified exit to DSF 4550 | -7/Factory | Entered DSF 4590 | -7/DSF | Additional patrols routed to DSF 4668 | -7/DSF | Core integrity fell below 50% 4675 | -7/DSF | Core integrity fell below 20% 4696 | -7/DSF | Destroyed by H-61 Shepherd with Heavy Assault Cannon Last Messages --------------- 04676_ A-02 Transporter destroyed. 04676_ H-61 Shepherd calls for reinforcements. 04676_ ALERT: Hostile activity reported, dispatching reinforcements to area. 04676_ Penetrated by Slug. 04678_ X-67 Chaingunner destroyed. 04680_ A-02 Transporter destroyed. 04681_ The unstable cave ceiling collapses. 04686_ Knocked back. 04687_ Acquired 7 matter. 04687_ The unstable cave ceiling collapses. 04688_ A-02 Transporter destroyed. 04689_ The unstable cave ceiling collapses. 04691_ Hvy. Rocket Launcher destroyed. 04691_ Antimatter Reactor destroyed. 04691_ Critical hit (Blast). 04693_ System corrupted: Energy discharge (-21). 04694_ The unstable cave ceiling collapses. 04696_ Med. Storage Unit crushed. 04696_ Penetrated by Slug. Map ----- +----------------------------------------------------+ | | | | | ??????????????????????????????????????????? | | ??????????????????????????????????????????? | | ??????????????????????????????????????????? | | ??????????????????????????????????????????? | | ??????????????????????????????????????????? | | ??????????????????????????????????????????? | | ??????????????????????????????????????????? | | ??????????????????????????????????????????? | | ??????????????????????????????????????????? | | ??????????????????????????????????????????? | | ?? ??????????????????????????????????????? | | ?? ??????????????????????????????????????? | | ?? ??????????????????????????????????????? | | ?# ?????????#????????????????????????????? | | ?& ?????????#=???????????????????????????? | | ?& ??????????==??????????????????????????? | | ?# #????????### ????????????????????????? | | ? &????????#!! ???????????????????????? | | ? &??????###!! !??????????????????????? | | ? &????### !! !???????????????#?????? | | ## #????# ############ ;#?????? | | #????#! !!! %% ###???? | | #????# # [!!!#% #???? | | ? h %=% @ #????? | | ? H * #????? | | ? ! [ #????? | | #?? #=== ! # #????? | | #????#=== # ! ###????? | | ## ###??#### # ## #??????? | | #! #??????#!! !!?#### ?????? | | #! #??????#!! !!????### #???? | | #! #??????#!! !??????# ##???? | | ## ###??????### ###????## #????? | | #! #??????# #????# # # #????? | | #! #??????# #????# #???? | | ## ########## ####### = # ###???? | | ## ### # #?# #?# #&& ?????? | | "" ## # ### ### #&& [ ####???? | | "" ^^ % = =%* " """#???? | | "" "" #"#???? | | """""## # #% /// #&&&# ##"""""##?????? | | """""######### /// #########"""""#??????? | | ###"##???????#####"###???????##"####??????? | | ??#"#????????????###??????????#"#?????????? | | ??""#??????????????????????????""?????????? | | ??###??????????????????????????###????????? | | ??????????????????????????????????????????? | | ??????????????????????????????????????????? | +----------------------------------------------------+ Best States ------------- Heat Dissipation 34 Energy Generation 21 Energy Capacity 465 Matter Stores 426 Matter Capacity 450 Sight Range 20 Terrain Scan Range 16 Terrain Scan Density 10 Power Shielding 66 Evasion (%) 55 Target Analysis 5 Armor Integrity Analysis 30 Recoil Reduction 2 Item Schematics ----------------- None Robot Schematics ------------------ None Fabricated ------------ Nothing Repaired ---------- Nothing Studied --------- Hvy. Assault Rifle | -8/Materials | Hacked Alien Tech Used ----------------- None Achievements -------------- Packrat Challenges ------------ None Game ------ Seed RefinerySalvageSpoofer Manual? 0 Play Time 00:47:09 Cumulative 92.4 hours Start 2026.01.07 @ 16:09:05 End 2026.01.07 @ 20:02:58 Sessions 5 Manual Loads 0 Difficulty Rogue Special Mode None Game No. 116 Rogue 116 Adventurer 0 Explorer 0 Win Type - Total 0 Types 0/0/0/0/0/0/0/0/0/0 Lore% 24 Gallery% 42 Achievement% 27 Wizard Run 0 Options --------- Layout 0 ASCII 0 Keyboard 0 Movement Mouse Keybinds 0 Fullscreen 1 Font 24/Smallcaps Map View 76x50 Zoom Use 0% Tactical HUD 1 Map Filters NONE Filters NONE Steam 1 RUN: c7ba5213-17ae-4079-8991-4c41290f4342